Map: Ruínas de Seras

Players

XASSASSINX - Winner!

  • Race: Zerg Zerg
  • League: Silver

Naga

  • Race: Protoss Protoss
  • League: Gold

VOD

Have the link to the VOD?

Description

Time

  • Played on: March 9, 2016, 1:29 p.m.
  • Length: 24:03
Show
View Real Time Build Order
Export as new Build Order

XASSASSINX Zerg - Winner!

Build Orders: Hatch First 

Get SALT Encoding   

  12  0:01  Drone  
  13  0:08  Drone  
  14  0:17  Overlord  
  14  0:36  Drone x3  
  17  0:47  Drone  
  18  0:57  Hatchery  
  17  1:12  Spawning Pool  
  17  1:14  Drone  
  17  1:19  Extractor, Drone  
  17  1:42  Hatchery  
  17  1:45  Drone  
  17  1:46  Drone  
  18  1:50  Drone  
  19  1:58  Overlord  
  19  2:09  Queen  
  19  2:13  Drone  
  22  2:23  Queen  
  24  2:32  Drone x2  
  24  2:34  Drone  
  27  2:38  Drone  
  27  2:43  Overlord  
  28  2:47  Drone  
  28  2:50  Drone  
  30  2:53  Drone  
  31  3:01  Queen  
  33  3:14  Roach Warren, Drone x2  
  33  3:16  Drone  
  33  3:19  Drone  
  36  3:21  Drone  
  36  3:24  Drone  
  36  3:26  Drone  
  39  3:28  Drone  
  39  3:31  Drone  
  42  3:34  Drone  
  42  3:35  Drone  
  42  3:37  Drone  
  44  3:45  Drone x3  
  47  3:55  Roach  
  49  3:56  Overlord x2  
  49  4:15  Roach x3  
  49  4:16  Roach x5  
  65  4:17  Overlord  
  65  4:19  Overlord  
  65  4:23  Spore Crawler  
  64  4:26  Spore Crawler  
  64  4:29  Roach  
  64  4:31  Overlord x2  
  65  4:35  Roach  
  65  4:36  Roach  
  69  4:41  Lair  
  69  4:48  Drone x4  
  69  4:49  Drone  
  74  4:53  Roach  
  74  4:54  Roach  
  74  4:58  Extractor  
  77  5:01  Drone x3  
  77  5:03  Roach x2  
  86  5:07  Roach  
  86  5:10  Extractor  
  86  5:12  Extractor  
  84  5:14  Drone  
  84  5:15  Drone x4  
  84  5:17  Roach  
  84  5:19  Overlord  
  91  5:41  Drone x2  
  91  5:42  Drone  
  94  5:43  Roach x5  
  94  5:48  Zergling x2  
  105  6:03  Overlord x3  
  105  6:04  Overlord x2  
  105  6:05  Glial Reconstitution  
  105  6:07  Metabolic Boost  
  105  6:09  Drone  
  105  6:10  Overlord x3  
  106  6:15  Spore Crawler  
  106  6:17  Drone  
  106  6:32  Ravager x3  
  109  6:33  Evolution Chamber  
  109  6:38  Drone x2  
  109  6:39  Drone  
  111  6:40  Drone x3  
  111  6:43  Extractor  
  111  6:45  Evolution Chamber  
  111  6:46  Extractor  
  111  7:06  Zerg Ground Armor Level 1  
  111  7:09  Ravager x3  
  112  7:23  Roach  
  112  7:24  Roach x7  
  112  7:25  Overlord x5  
  112  7:26  Overlord  
  128  7:36  Zerg Missile Weapons Level 1  
  128  7:37  Zergling x2  
  128  7:38  Zergling x4  
  131  7:46  Roach  
  131  7:47  Roach  
  131  7:48  Roach  
  137  7:56  Zergling x4  
  139  8:17  Zergling x2  
  139  8:18  Zergling x18  
  149  8:20  Ravager x3  
  149  8:21  Ravager x3  
  149  8:23  Overlord x2  
  155  8:41  Drone x3  
  156  8:44  Zergling x2  
  156  8:45  Zergling x14  
  166  8:49  Drone x2  
  166  8:53  Ravager x3  
  166  8:54  Ravager  
  166  8:55  Hatchery, Ravager  
  172  9:12  Roach x7  
  172  9:14  Hatchery  
  185  9:18  Hatchery  
  185  9:21  Zergling x2  
  185  9:22  Zergling x12  
  191  10:06  Zerg Ground Armor Level 2, Zerg Missile Weapons Level 2  
  129  10:52  Zergling x2  
  129  10:53  Zergling x24  
  131  11:00  Roach  
  133  11:10  Queen  
  133  11:11  Queen  
  137  11:12  Roach  
  137  11:13  Roach x5  
  123  11:41  Zergling x2  
  123  11:42  Zergling x18  
  115  11:57  Roach  
  115  11:58  Roach x4  
  125  12:11  Roach x2  
  125  12:12  Queen, Roach x2  
  135  12:21  Overseer x2  
  135  12:22  Overseer  
  135  12:39  Ravager x8  
  135  12:40  Ravager x4  
  147  12:47  Roach  
  147  12:48  Roach x10  
  169  12:51  Zergling x2  
  169  12:54  Zerg Melee Weapons Level 1  
  169  12:58  Zergling x6  
  171  12:59  Infestation Pit  
  171  13:04  Zergling x2  
  171  13:05  Zergling x6  
  159  13:55  Roach  
  160  13:56  Roach x12  
  124  14:54  Roach x9  
  136  15:37  Infestor x4  
  136  15:40  Roach x5  
  154  15:45  Hive  
  154  15:53  Drone x2  
  154  15:54  Drone x4  
  154  15:55  Drone x2  
  154  15:56  Drone x4  
  166  15:59  Zerg Melee Weapons Level 2  
  166  16:27  Roach x6  
  166  16:28  Roach x6  
  190  16:40  Extractor  
  190  16:42  Extractor  
  188  17:07  Ravager x4  
  192  17:10  Roach  
  192  17:11  Roach x3  
  193  18:10  Hatchery  
  193  18:11  Hatchery  
  171  18:54  Hatchery  
  143  19:14  Roach  
  143  19:15  Roach x3  
  143  19:16  Roach x3  
  143  19:17  Roach x3  
  107  20:03  Roach Warren  
  104  20:15  Zergling x2  
  104  20:16  Zergling x18  
  109  20:54  Roach x2  
  109  20:55  Roach x6  
  109  20:56  Roach  
  109  20:57  Roach x2  
  102  22:24  Zergling x6  
  102  22:25  Zergling x6  
  102  22:37  Spine Crawler  
  102  22:38  Spine Crawler  
  102  22:40  Spine Crawler  
  102  22:41  Spine Crawler  
  88  22:54  Queen  
  90  22:58  Zergling x2  
  90  22:59  Zergling x8  
  89  23:23  Drone x3  
  92  23:27  Drone x3  
  93  23:46  Hatchery  
  89  23:53  Hatchery  
Show
View Real Time Build Order
Export as new Build Order

Naga Protoss 

Build Orders: 1 Gate Expand 

Get SALT Encoding   

  12  0:02  Probe (Chrono Boost)  
  13  0:14  Probe (Chrono Boost)  
  13  0:21  Pylon  
  14  0:25  Probe (Chrono Boost)  
  15  0:39  Probe (Chrono Boost)  
  15  0:42  Gateway  
  16  0:50  Probe (Chrono Boost)  
  17  1:01  Probe (Chrono Boost)  
  19  1:11  Probe (Chrono Boost)  
  19  1:13  Assimilator  
  20  1:29  Nexus  
  19  1:39  Cybernetics Core  
  19  1:44  Probe (Chrono Boost)  
  20  1:55  Probe (Chrono Boost)  
  20  1:59  Pylon  
  21  2:06  Probe (Chrono Boost)  
  22  2:10  Assimilator  
  22  2:21  Stalker  
  24  2:23  Warp Gate  
  24  2:31  Probe (Chrono Boost)  
  25  2:40  Gateway  
  25  2:43  Gateway  
  25  2:48  Pylon  
  25  2:54  Gateway  
  25  2:55  Probe (Chrono Boost)  
  26  2:59  Probe (Chrono Boost)  
  26  3:11  Probe (Chrono Boost)  
  27  3:14  Stalker  
  29  3:20  Probe (Chrono Boost)  
  29  3:23  Probe (Chrono Boost)  
  31  3:31  Probe (Chrono Boost)  
  31  3:34  Probe (Chrono Boost)  
  33  3:35  Sentry  
  33  3:39  Adept  
  37  3:41  Probe (Chrono Boost)  
  37  3:45  Mothership Core (Chrono Boost)  
  40  3:50  Sentry  
  40  3:54  Pylon  
  42  4:00  Pylon  
  42  4:03  Probe (Chrono Boost)  
  43  4:11  Probe (Chrono Boost)  
  43  4:13  Probe (Chrono Boost)  
  45  4:21  Probe (Chrono Boost)  
  47  4:24  Pylon, Probe (Chrono Boost)  
  47  4:26  Pylon  
  47  4:28  Adept  
  47  4:30  Pylon  
  49  4:32  Probe (Chrono Boost)  
  49  4:34  Probe (Chrono Boost)  
  49  4:37  Adept  
  49  4:38  Adept  
  55  4:42  Probe (Chrono Boost)  
  55  4:45  Probe (Chrono Boost)  
  57  4:53  Assimilator, Probe (Chrono Boost)  
  57  4:55  Probe (Chrono Boost)  
  57  4:57  Assimilator, Pylon  
  59  5:04  Probe (Chrono Boost)  
  60  5:15  Probe x2 (Chrono Boost)  
  60  5:20  Robotics Facility  
  62  5:24  Twilight Council  
  62  5:25  Probe (Chrono Boost)  
  63  5:32  Stalker x4  
  71  5:45  Probe x2 (Chrono Boost)  
  71  5:47  Robotics Facility  
  73  5:50  Forge  
  73  5:56  Probe x2 (Chrono Boost)  
  73  5:57  Stalker  
  77  6:03  Charge (Chrono Boost)  
  77  6:09  Immortal  
  81  6:30  Nexus  
  81  6:32  Pylon  
  81  6:34  Pylon  
  81  6:37  Pylon  
  81  6:40  Immortal  
  81  6:44  Protoss Ground Weapons Level 1  
  85  6:51  Probe  
  86  7:04  Probe  
  87  7:10  Immortal  
  87  7:11  Probe  
  87  7:13  Zealot x2  
  87  7:14  Zealot x2  
  100  7:16  Probe  
  100  7:19  Observer  
  100  7:21  Probe  
  101  7:29  Gateway  
  102  7:31  Gateway  
  102  7:32  Probe  
  102  7:33  Gateway, Probe  
  102  7:35  Gateway  
  104  7:45  Probe  
  104  7:46  Probe  
  104  7:47  Probe  
  111  7:51  Immortal  
  111  7:57  Probe  
  112  8:00  Assimilator  
  112  8:02  Assimilator  
  112  8:04  Probe  
  112  8:05  Probe  
  112  8:09  Probe  
  115  8:15  Probe  
  115  8:18  Sentry  
  115  8:19  Sentry  
  120  8:20  Sentry  
  122  8:38  Protoss Ground Armor Level 1 (Chrono Boost)  
  122  8:41  Templar Archives  
  122  8:50  Photon Cannon  
  122  8:51  Photon Cannon  
  122  8:54  Photon Cannon  
  122  8:57  Probe x2  
  122  8:58  Probe  
  125  9:06  Pylon  
  125  9:07  Nexus, Probe x2  
  125  9:09  Observer  
  128  9:10  Pylon  
  128  9:13  Immortal  
  132  9:17  High Templar  
  132  9:18  High Templar x3  
  140  9:25  High Templar x4  
  140  9:29  Archon x3  
  140  9:30  Archon  
  148  9:32  Pylon  
  148  9:35  Pylon  
  148  9:37  Pylon  
  148  9:41  Gateway  
  148  9:43  Gateway  
  148  9:49  Gateway  
  148  9:52  High Templar  
  148  9:53  High Templar x2  
  148  9:59  High Templar  
  156  10:02  Archon  
  156  10:04  Archon  
  156  10:05  Zealot x3  
  156  10:06  Zealot  
  157  10:26  Zealot x4  
  157  10:27  Zealot x3  
  145  10:49  High Templar  
  123  10:50  High Templar x4  
  123  10:51  Zealot x2  
  123  10:52  Zealot  
  125  11:04  Archon x2, Probe  
  123  11:08  Assimilator  
  124  11:12  Assimilator  
  124  11:13  Zealot  
  124  11:14  Zealot x5  
  124  11:15  Probe  
  137  11:24  Immortal x2 (Chrono Boost)  
  145  11:25  Probe  
  146  11:36  Probe  
  146  11:39  Nexus  
  125  11:40  High Templar x2  
  125  11:41  Zealot  
  125  11:42  Zealot x5  
  125  11:44  Zealot x2  
  125  11:45  Zealot  
  129  11:52  Archon  
  119  11:56  Mothership Core  
  119  11:59  Immortal (Chrono Boost)  
  119  12:00  Immortal (Chrono Boost)  
  129  12:01  Probe  
  129  12:08  High Templar x3, Pylon  
  135  12:10  Zealot x2  
  135  12:11  Zealot x3  
  135  12:12  Probe  
  146  12:15  Archon  
  146  12:22  Probe  
  146  12:27  Pylon  
  146  12:29  Protoss Ground Weapons Level 2  
  147  12:30  Pylon  
  147  12:32  High Templar x2  
  147  12:33  Immortal (Chrono Boost), High Templar, Probe  
  147  12:34  Zealot, Immortal (Chrono Boost)  
  147  12:35  Zealot  
  166  12:37  Archon  
  166  12:42  High Templar  
  166  12:43  Probe  
  168  12:51  Archon x2  
  169  12:55  Stalker  
  169  12:56  Stalker x3  
  177  12:59  Stalker  
  179  13:10  Stalker x5  
  173  13:48  Stalker x3  
  173  13:49  Stalker x6  
  181  13:58  Zealot x2  
  136  14:36  Stalker x3  
  136  14:37  Stalker x5  
  136  14:38  Stalker x3  
  114  14:59  Assimilator  
  110  15:00  High Templar x3  
  110  15:01  High Templar x4  
  110  15:03  Assimilator  
  110  15:05  Archon  
  110  15:06  Archon x2  
  120  15:13  High Templar  
  109  15:28  High Templar x2  
  109  15:35  Archon  
  109  15:41  Zealot x4  
  109  15:42  Zealot x2  
  121  15:44  Zealot x2  
  125  15:57  Probe  
  126  16:07  Probe  
  126  16:08  Zealot x5  
  126  16:09  Zealot x6  
  149  16:18  Probe  
  142  16:28  Probe  
  142  16:30  Blink (Chrono Boost), Pylon  
  142  16:31  Stalker x2  
  142  16:32  Stalker x2  
  149  16:33  Stalker x2  
  149  16:34  Stalker  
  149  16:39  Probe  
  157  16:41  Mothership Core  
  160  16:53  Zealot x2  
  164  16:57  Zealot  
  164  16:59  Zealot  
  168  17:02  Zealot  
  168  17:03  Nexus  
  168  17:07  Zealot x2  
  174  17:09  Zealot  
  174  17:11  Zealot  
  174  17:13  Zealot  
  178  17:28  High Templar x2  
  178  17:29  High Templar x5  
  192  17:30  High Templar x2  
  192  17:35  Archon x4  
  192  17:36  Archon  
  176  17:58  Stalker  
  176  17:59  Stalker  
  180  18:07  Pylon  
  180  18:10  Pylon  
  180  18:22  Zealot x5  
  180  18:23  Zealot x3  
  180  18:24  Zealot x2  
  180  18:46  High Templar x2  
  180  18:47  High Templar x7  
  180  18:48  High Templar x2  
  196  18:55  Archon x5  
  161  18:57  Archon  
  107  19:19  Stalker x2  
  107  19:20  Stalker x6  
  107  19:21  Stalker x3  
  123  19:24  Immortal  
  106  19:40  Mothership Core  
  106  19:42  Zealot  
  106  19:43  Zealot x5  
  106  19:44  Zealot x5  
  78  20:04  Pylon  
  78  20:05  Zealot x2  
  78  20:06  Zealot x3  
  78  20:07  Zealot x4, Pylon  
  94  20:24  Gateway  
  94  20:26  Gateway  
  94  20:28  Gateway  
  94  20:29  Gateway  
  94  20:31  Gateway  
  94  20:34  Gateway  
  87  20:35  Gateway  
  87  20:38  Photon Cannon  
  87  20:39  Photon Cannon  
  87  20:40  Zealot x4  
  87  20:41  Photon Cannon, Zealot  
  97  20:42  Photon Cannon  
  97  20:45  Photon Cannon  
  49  21:26  Photon Cannon  
  49  21:29  Pylon  
  49  21:31  Zealot x3  
  55  21:33  Zealot  
  55  21:34  Zealot  
  55  21:35  Zealot x2  
  63  21:54  Zealot  
  63  21:55  Zealot x4  
  63  21:56  Zealot x2  
  48  22:35  High Templar x3  
  48  22:36  High Templar x2, Probe  
  58  22:38  Probe  
  58  22:43  Archon x2  
  58  22:46  Probe  
  58  22:48  Probe  
  57  22:57  Probe  
  57  22:59  Probe  
  59  23:07  Probe  
  59  23:09  Probe  
  53  23:31  Gateway  
  53  23:34  Gateway  
Tags
 
Add a new tag
Caveats
  • Supply blocks, unpowered buildings, or Contaminate may cause inaccurate times.
  • Supply counts are checked every 10 seconds.